 Dungeon Crawl Stone Soup version 0.31-a0-1074-g0b22e4e0f1 (webtiles) character file.

Game seed: 4915829483984967687

47 javelincjr the Changeling (level 3, -4/27 HPs)
             Began as a Demonspawn Shapeshifter on Nov 29, 2023.
             Killed from afar by Natasha (6 damage)
             ... with a magic dart
             ... on level 2 of the Dungeon.
             The game lasted 00:02:59 (1193 turns).

javelincjr the Changeling (Demonspawn Shapeshifter) Turns: 1193, Time: 00:03:00

Health: -4/27      AC:  2    Str: 16    XL:     3   Next: 48%
Magic:  3/3        EV: 12    Int: 11    God:
Gold:   23         SH:  0    Dex: 12    Spells: 2/2 levels left

rFire   . .          .
                       - Unarmed
rCold   . . .        (no shield)
rNeg    . . .        a - +0 animal skin
rPois   .            (helmet currently unavailable)
rElec   .            (cloak currently unavailable)
rCorr   .            (gloves currently unavailable)
SInv    .            (boots currently unavailable)
Will    .....        (no amulet)
Stlth   +            (no ring)
HPRegen 0.24/turn    (no ring)
MPRegen 0.16/turn

%: no passive effects
@: beast-form, slowed, very slow
A: beast (slay +1), magic regeneration
a: Begin Untransformation


You were on level 2 of the Dungeon.
You were a hulking beast.
You visited 1 branch of the dungeon, and saw 2 of its levels.

You collected 23 gold pieces.

Inventory:

Armour
 a - a +0 animal skin (worn)
 j - a +0 pair of gloves
 k - a +0 cloak
Talismans
 c - a beast talisman
 d - a flux talisman
 i - a blade talisman
Scrolls
 f - 3 scrolls of identify {unknown}
 l - a scroll of brand weapon {unknown}
 m - a scroll of teleportation {unknown}
 n - a scroll of summoning {unknown}
Potions
 b - a potion of lignification
 e - a potion of mutation {unknown}
 g - a potion of berserk rage {unknown}
 h - 3 potions of heal wounds {unknown}
 o - a potion of brilliance {unknown}


   Skills:
 + Level 1.8 Fighting
 - Level 2.0 Dodging
 + Level 3.1 Unarmed Combat
 * Level 3.2 Shapeshifting


You had 2 spell levels left.
You didn't know any spells.
Your spell library contained the following spells:

 Spells                   Type           Power      Damage    Failure   Level
 Magic Dart               Conj           0%         1d3       34%         1
 Blink                    Tloc           0%         N/A       47%         2
 Searing Ray              Conj           0%         2d4       47%         2
 Fulminant Prism          Conj/Hex       0%         3d5       98%         4
 Manifold Assault         Tloc           0%         N/A       98%         4


Dungeon Overview and Level Annotations

Branches:
Dungeon (2/15)

Altars:
Sif Muna

Annotations:
D:2 Natasha


Innate Abilities, Weirdness & Mutations

You are a hulking beast.
Your limbs bulge with bestial killing power. (Slay +1)
You regenerate magic rapidly.


Message History

Natasha claws you.
You are too injured to fight recklessly!
You are too injured to fight recklessly!
You closely miss Natasha.
Natasha is heavily wounded.
Natasha closely misses you.
You barely miss Natasha.
Natasha is heavily wounded.
Natasha barely misses you.
You closely miss Natasha. Your punch misses Natasha.
Natasha is heavily wounded.
Natasha stares at you and mumbles some strange words.
The magic dart hits you.
* * * LOW HITPOINT WARNING * * *
You closely miss Natasha.
Natasha is heavily wounded.
Natasha stares at you and mumbles some strange words.
The magic dart hits you!
* * * LOW HITPOINT WARNING * * *
You hit Natasha but do no damage. Your punch misses Natasha.
Natasha is heavily wounded.
Natasha claws you.
* * * LOW HITPOINT WARNING * * *
You hit Natasha.
Natasha is heavily wounded.
Natasha stares at you and mumbles some strange words.
You feel yourself slow down.
You hit Natasha.
Natasha is almost dead.
Natasha closely misses you.
You closely miss Natasha.
Natasha is almost dead.
Natasha claws you but does no damage.
Natasha casts a spell.
You hit Natasha but do no damage. You punch Natasha, but do no damage.
Natasha is severely wounded.
Natasha casts a spell at you. The magic dart hits you.
You die...
Natasha begins licking her fur clean.

.......#......##.#
..####...####.##.#
......#...##.##.#
.##.#..[#.##.##.#
#.##.##.#...#.##
#.#............#
<.>..####......#
#.##.#####.#...#
#. #.........h.# #
###.....#h#.# #.#
#.###†#5#.#
#...##.#.....#.#
<.......).#.###.#
###.....†...# #.#
### #..###..#.# ..
..###..# #.##.# #.
.......###.##.#


You could see Natasha and a cerulean imp (summoned).

Vanquished Creatures
  A gnoll (D:1)
  A worm (D:2)
  A dart slug (D:1)
  A bat (D:2)
  5 endoplasms
  2 goblins (D:1)
  3 hobgoblins (D:1)
  6 kobolds
  A quokka (D:1)
  5 ball pythons
  A frilled lizard (D:2)
  4 rats
31 creatures vanquished.

Notes
Turn   | Place    | Note
-------+----------+-------------------------------------------
     0 | D:1      | javelincjr the Demonspawn Shapeshifter began the quest for
                  | the Orb.
     0 | D:1      | Reached XP level 1. HP: 15/15 MP: 1/1
   277 | D:1      | Gained mutation: You regenerate magic rapidly. [demonic
                  | ancestry]
   277 | D:1      | Reached XP level 2. HP: 16/21 MP: 2/2
   772 | D:1      | Reached XP level 3. HP: 9/27 MP: 3/3
  1042 | D:2      | Found a shimmering blue altar of Sif Muna.
  1174 | D:2      | Noticed Natasha
  1189 | D:2      | HP: 1/27 [Natasha (1)]
  1193 | D:2      | Killed from afar by Natasha

Illustrated notes

Levels and vault maps discovered:
D:1:      minmay_arrival_split_and_join, layout_basic
D:2:      layout_loops_ring, basic_altar, serial_shops, shop, uniq_natasha

Skill      XL: |  1  2 |
---------------+-------+-----
Dodging        | 2 |  2.0
Shapeshifting  | 3 |  3.2
Unarmed Combat | 3 |  3.1
Fighting       | |  1.8

Action                     || total
---------------------------++-------
  Melee: Unarmed           ||   109
         Punch             ||     2
   Stab: Sleeping          ||     2
 Armour: Animal skin       ||    46
  Dodge: Dodged            ||    45

Table legend: (Time is in decaauts)
 A = Elapsed time spent in this place.
 B = Non-inter-level travel time spent in this place.
 C = Inter-level travel time spent in this place.
 D = Time resting spent in this place.
 E = Time spent auto-exploring this place.
 F = Levels seen in this place.
 G = Mean time per level.
                   A        B        C        D        E       F      G
               +--------+--------+--------+--------+--------+-----+--------+
         Total |   1187 |   1187 |      0 |      0 |    908 |   2 |  593.5 |
       Dungeon |   1187 |   1187 |      0 |      0 |    908 |   2 |  593.5 |
               +--------+--------+--------+--------+--------+-----+--------+

Top non-repeatable levels by time:
     D:1: 964 daAuts
     D:2: 222 daAuts
